 Dungeon Crawl Stone Soup version 0.29.1-1-gd02db69 (webtiles) character file.

Game seed: 5242337327831537358

361 Kel the Cleaver (level 6, 0/51 HPs)
             Began as a Minotaur Berserker on Nov 23, 2022.
             Was a Priest of Trog.
             Succumbed to an orc's poison
             ... on level 4 of the Dungeon.
             The game lasted 00:06:03 (4418 turns).

Kel the Cleaver (Minotaur Berserker)                Turns: 4418, Time: 00:06:03

Health: 0/51       AC:  3    Str: 21    XL:     6   Next: 38%
Magic:  5/5        EV: 12    Int:  4    God:    Trog [***...]
Gold:   155        SH:  0    Dex: 18    Spells: 5/5 levels left

rFire   . . .      SeeInvis .   a - +0 hand axe
rCold   . . .      Faith    .   (no shield)
rNeg    . . .      Spirit   .   b - +0 animal skin
rPois   .          Reflect  .   (helmet restricted)
rElec   .          Harm     .   p - +0 cloak
rCorr   .          Rampage  .   (no gloves)
Will    .....                   (no boots)
Stlth   ++........              (no amulet)
HPRegen 0.17/turn               g - +6 ring of dexterity
MPRegen 0.09/turn               (no ring)

@: lethally poisoned (0 -> -4)
A: horns 2, retaliatory headbutt
a: Renounce Religion, Berserk, Trog's Hand


You were on level 4 of the Dungeon.
You worshipped Trog.
Trog was most pleased with you.
You visited 1 branch of the dungeon, and saw 4 of its levels.

You collected 155 gold pieces.

Inventory:

Hand Weapons
 a - a +0 hand axe (weapon)
Armour
 b - a +0 animal skin (worn)
 p - a +0 cloak (worn)
Jewellery
 g - a +6 ring of dexterity (left hand)
Wands
 k - a wand of flame (19)
 l - a wand of mindburst (14)
 o - a wand of paralysis (13)
Scrolls
 c - 2 scrolls of amnesia {unknown}
 d - a scroll of enchant armour {unknown}
 e - 3 scrolls of identify {unknown}
 f - 6 scrolls of teleportation {unknown}
 h - a scroll of enchant weapon {unknown}
 i - a scroll of immolation {unknown}
 j - a scroll of butterflies {unknown}
Potions
 m - 2 potions of magic {unknown}
 n - a potion of might {unknown}
 q - a potion of curing {unknown}


   Skills:
 - Level 3.6 Fighting
 + Level 8.7 Axes
 - Level 2.4 Armour
 - Level 2.1 Dodging


You had 5 spell levels left.
You didn't know any spells.
Your spell library was empty.

Dungeon Overview and Level Annotations

Branches:
Dungeon (4/15)
 Temple: D:4-7

Altars:
Okawaru
Ru

Shops:
D:2 (


Innate Abilities, Weirdness & Mutations

You have a pair of horns on your head.
You reflexively headbutt those who attack you in melee.


Message History

Beogh smites you!
* * * LOW HITPOINT WARNING * * *
The hound closely misses you. You furiously retaliate!
You headbutt the hound!
You kill the hound!
Trog accepts your kill.
Your life force feels restored.
The orc priest hits you with a +0 dagger.
* * * LOW HITPOINT WARNING * * *
The endoplasm barely misses you. The orc misses you.
You hit the orc priest but do no damage.
You hit the endoplasm. You hit the orc. The endoplasm freezes you.
You are frozen.
* * * LOW HITPOINT WARNING * * *
The orc priest hits you with a +0 dagger.
* * * LOW HITPOINT WARNING * * *
The orc hits you but does no damage.
You are poisoned.
You closely miss the orc priest.
You headbutt the orc priest, but do no damage.
You hit the endoplasm.
You kill the endoplasm!
Trog accepts your kill.
You hit the orc.
You kill the orc!
Trog accepts your kill.
You feel sick.
The orc priest hits you with a +0 dagger.
* * * LOW HITPOINT WARNING * * *
You closely miss the orc priest.
* * * LOW HITPOINT WARNING * * *
You feel sick.
The orc priest hits you with a +0 dagger.
* * * LOW HITPOINT WARNING * * *
You completely miss the orc priest. Your headbutt misses the orc priest.
* * * LOW HITPOINT WARNING * * *
You feel sick.
The orc priest hits you but does no damage.
You closely miss the orc priest.
You die...

#.#.##.#....#.#...#
#.#.##.##...#.#####
#.#.##......#.#
#.#.######..#.####
#.#.#######.#....#
#.#.........#.##.##
#.#########<#.†....
#.#.#.### ###.#.###
#....)@.# #.#....
.....#o#)# #.#.#..
##. ...#.# #.#.#._
#####.# ###.#.#..
#.# #...#.... #.#
#.#.#.###
#.#######.#......
#...........#####
#.#########.#


You could see an orc priest.

Vanquished Creatures
  A hound (D:4)
  2 orc priests (D:3)
  A jelly (D:4)
  Ijyb (D:3)
  2 orc wizards (D:4)
  Robin (D:3)
  3 adders (D:2)
  2 dart slugs (D:2)
  15 orcs
  8 endoplasms
  2 giant cockroaches (D:1)
  17 goblins
  10 hobgoblins
  6 jackals
  8 kobolds
  8 quokkas
  3 ball pythons
  7 bats
  4 frilled lizards
  8 rats
109 creatures vanquished.

Notes
Turn   | Place    | Note
-------+----------+-------------------------------------------
     0 | D:1      | Kel the Minotaur Berserker began the quest for the Orb.
     0 | D:1      | Reached XP level 1. HP: 19/19 MP: 0/0
    42 | D:1      | Reached skill level 4 in Axes
   118 | D:1      | Reached XP level 2. HP: 18/26 MP: 1/1
   406 | D:1      | Reached ** piety under Trog
   578 | D:1      | Found a faded altar of an unknown god.
   698 | D:1      | Reached skill level 5 in Axes
   722 | D:1      | Reached XP level 3. HP: 25/31 MP: 2/2
  1239 | D:1      | You fall into a shaft and drop 1 floor!
  1908 | D:2      | Found a sacrificial altar of Ru.
  2049 | D:2      | Reached skill level 6 in Axes
  2049 | D:2      | Reached XP level 4. HP: 15/39 MP: 3/3
  2527 | D:2      | Found Zathroosch's Weapon Boutique.
  3005 | D:3      | Noticed Ijyb
  3027 | D:3      | Killed Ijyb
  3028 | D:3      | Reached skill level 7 in Axes
  3028 | D:3      | Reached XP level 5. HP: 23/45 MP: 4/4
  3052 | D:3      | Reached *** piety under Trog
  3407 | D:3      | Noticed Robin
  3425 | D:3      | Killed Robin
  3838 | D:3      | Reached skill level 8 in Axes
  4034 | D:4      | Reached XP level 6. HP: 50/51 MP: 5/5
  4318 | D:4      | Found an iron altar of Okawaru.
  4416 | D:4      | HP: 1/51 [orc priest/+0 dagger (2)]
  4418 | D:4      | Succumbed to an orc's poison

Illustrated notes

Levels and vault maps discovered:
D:1:      wander_arrival_estate, layout_basic,
          shapermc_ecumenical_altar_starsandcircs, minmay_pentomino_z4
D:2:      layout_loops_corners, basic_altar, serial_shops, shop
D:3:      layout_loops_ring, chequers_arboretum, uniq_robin, uniq_ijyb
D:4:      layout_basic, mainiacjoe_overflow_cross_hatched, dk_noncrumbling_2,
          chequers_serial_rivers_small_b, hex_tiny, minmay_between

Skill      XL: |  1  2  3  4  5 |
---------------+----------------+-----
Axes           | 4 5 6 7 8 |  8.7
Fighting       | |  3.6
Armour         | |  2.4
Dodging        | |  2.1

Action                   |  1- 3 |  4- 6 || total
-------------------------+-------+-------++-------
Melee: Hand axe          |   112 |   127 ||   239
       Headbutt          |    17 |    26 ||    43
       Punch             |     1 |     1 ||     2
 Stab: Sleeping          |     1 |     4 ||     5
       Distracted        |       |     1 ||     1
Armor: Animal skin       |    24 |    14 ||    38
Dodge: Dodged            |    69 |    69 ||   138
